Map: Cyber Forest LE

Players

ClaireCosmic

  • Race: Protoss Protoss
  • League: Silver
  • Spawn Location: 5:00

goatball - Winner!

  • Race: Protoss Protoss
  • League: Silver
  • Spawn Location: 11:00

VOD

Have the link to the VOD?

Description

Time

  • Played on: June 6, 2019, 8:22 p.m.
  • Length: 5:13
Show
View Real Time Build Order
Export as new Build Order

ClaireCosmic Protoss 

Build Orders: 1 Gate Expand 

Get SALT Encoding   

  12  0:01  Probe  
  13  0:16  Pylon  
  13  0:18  Probe  
  14  0:27  Assimilator  
  14  0:30  Probe  
  15  0:44  Gateway  
  15  0:51  Assimilator  
  15  0:54  Probe  
  16  1:33  Cybernetics Core  
  16  1:42  Nexus, Probe  
  17  1:50  Probe  
  18  1:59  Probe  
  19  2:11  Gateway  
  19  2:26  Warp Gate  
  19  2:35  Probe  
  19  2:36  Zealot  
  19  2:43  Probe  
  23  2:53  Probe  
  24  3:01  Pylon  
  24  3:04  Stalker  
  24  3:05  Probe  
  25  3:14  Sentry  
  25  3:17  Probe  
  30  3:21  Probe  
  31  3:29  Probe x2  
  33  3:38  Forge  
  33  3:40  Twilight Council  
  33  3:44  Probe x2  
  35  3:56  Probe x2  
  37  4:08  Probe  
  32  4:18  Stalker  
  32  4:21  Stalker  
  34  4:45  Stalker x2  
Show
View Real Time Build Order
Export as new Build Order

goatball Protoss - Winner!

Build Orders:  

Get SALT Encoding   

  12  0:03  Probe  
  13  0:15  Probe  
  13  0:19  Pylon  
  14  0:27  Probe  
  15  0:35  Probe  
  16  0:43  Gateway, Probe  
  16  0:46  Assimilator  
  17  1:05  Gateway  
  17  1:19  Probe  
  18  1:36  Cybernetics Core  
  18  1:41  Gateway  
  18  1:47  Pylon  
  18  1:58  Zealot  
  18  1:59  Zealot  
  22  2:19  Probe  
  23  2:28  Stalker  
  23  2:29  Stalker  
  23  2:31  Probe  
  23  2:32  Stalker  
  30  2:40  Pylon  
  30  2:43  Probe  
  31  2:56  Probe  
  31  3:02  Stalker  
  31  3:05  Stalker  
  33  3:06  Pylon  
  33  3:08  Probe  
  36  3:26  Stalker  
  38  3:42  Zealot x2  
  42  3:50  Pylon  
  42  3:51  Pylon  
  42  3:56  Zealot  
Tags
 
Add a new tag
Caveats
  • Supply blocks, unpowered buildings, or Contaminate may cause inaccurate times.
  • Supply counts are checked every 10 seconds.